 Dungeon Crawl Stone Soup version 0.31.0-9-g3a7656b989 (webtiles) character file.

Game seed: 8071067251640735732

7821 CoinPitGoblin the Thaumaturge (level 11, -4/57 HPs)
             Began as a Deep Elf Alchemist on Jan 24, 2024.
             Slain by a skeletal warrior
             ... wielding a +0 hand axe
              (12 damage)
             ... on level 8 of the Dungeon.
             The game lasted 00:50:09 (8868 turns).

CoinPitGoblin the Thaumaturge (Deep Elf Alchemist)  Turns: 8868, Time: 00:50:09

Health: -4/57      AC: 12    Str:  5    XL:     11   Next: 1%
Magic:  23/40      EV: 14    Int: 25    God:
Gold:   980        SH:  0    Dex: 15    Spells: 17/39 levels left

rFire   . . .        i - +3 dagger (elec)
rCold   . . .        (no shield)
rNeg    + . .        x - +2 robe {rN+}
rPois   .            a - +1 helmet
rElec   .            o - +0 cloak
rCorr   .            C - +0 pair of gloves
SInv    .            (no boots)
Will    +....        f - amulet of magic regeneration
Stlth   ++           e - +4 ring of protection
HPRegen 0.29/turn    g - ring of magical power
MPRegen 0.67/turn

%: no passive effects
@: very slightly contaminated
A: no striking features
a: no special abilities


You were on level 8 of the Dungeon.
You visited 2 branches of the dungeon, and saw 9 of its levels.
You also visited: Bailey.

You collected 980 gold pieces.

Inventory:

Hand Weapons
 i - a +3 dagger of electrocution (weapon)
 w - a +2 dagger of freezing
 D - the +3 flail "Hobekh" {venom, rPois rF- rN+ rCorr}
   (You found it in a bailey)

   rF-:       It makes you vulnerable to fire.
   rPois:     It protects you from poison rN+: It protects you from negative
   energy.
   rCorr:     It protects you from acid and corrosion.
 E - the +8 Wrath of Trog {antimagic, *Rage Rampage}
   (You found it in a bailey)

   It causes slowness and exhaustion when equipped.
   It extends the wielder's berserk rage when killing foes.
   *Rage:     It berserks you when you make melee attacks (+50% chance).
   Rampage:   It bestows one free step when moving towards enemies.
 K - a +2 whip of freezing
Missiles
 k - a curare-tipped dart
 G - 19 poisoned darts
 H - 5 darts of dispersal
 I - 4 atropa-tipped darts
 J - 4 datura-tipped darts
Armour
 a - a +1 helmet (worn)
 o - a +0 cloak (worn)
 v - a +3 ring mail
 x - a +2 robe of positive energy (worn)
 C - a +0 pair of gloves (worn)
 L - a +0 buckler
Magical Staves
 p - a staff of cold
 s - a staff of air
 u - a staff of earth
Jewellery
 e - a +4 ring of protection (left hand)
 f - an amulet of magic regeneration (around neck)
 g - a ring of magical power (right hand)
 n - a ring of positive energy
Wands
 y - a wand of light (4)
 A - a wand of charming (11)
Scrolls
 c - 6 scrolls of teleportation
 j - 2 scrolls of amnesia
 l - 5 scrolls of identify
 t - a scroll of silence
 B - 4 scrolls of revelation {unknown}
 P - a scroll of blinking
 Q - a scroll of fear {unknown}
Potions
 b - 2 potions of magic
 d - 2 potions of lignification
 h - 3 potions of enlightenment
 m - a potion of curing
 q - a potion of ambrosia {unknown}
 r - a potion of haste {unknown}
 z - a potion of mutation {unknown}
 F - a potion of might {unknown}
 M - a potion of cancellation {unknown}
 N - 2 potions of degeneration {unknown}
 O - a potion of attraction {unknown}


   Skills:
 + Level 2.2 Fighting
 + Level 5.7 Dodging
 - Level 2.4 Stealth
 + Level 14.5 Spellcasting
 + Level 7.0 Conjurations
 + Level 11.3 Alchemy


You had 17 spell levels left.
You knew the following spells:

 Your Spells              Type           Power      Damage    Failure   Level
a - Sticky Flame          Fire/Alch      46%        2d9       3%          4
c - Inner Flame           Hex/Fire       18%        N/A       10%         3
q - Mercury Vapours       Alch/Air       92%        N/A       1%          2
s - Mephitic Cloud        Conj/Alch/Air  48%        N/A       1%          3
w - Sting                 Conj/Alch      100%       1d9       1%          1
x - Irradiate             Conj/Alch      29%        3d21      1%          5
z - Olgreb's Toxic Radia  Alch           66%        N/A       1%          4

Your spell library contained the following spells:

 Spells                   Type           Power      Damage    Failure   Level
 Momentum Strike          Conj/Tloc      70%        3d9       1%          2
 Blink                    Tloc           36%        N/A       4%          2
 Lesser Beckoning         Tloc           36%        N/A       4%          2
 Ignition                 Fire           9%         3d5       100%        8


Dungeon Overview and Level Annotations

Branches:
Dungeon (8/15)             Temple (1/1) D:7          Bailey (visited)
   Lair: D:8-11

Altars:
Ashenzari
Cheibriados
Dithmenos
Elyvilon
Fedhas
Gozag
Kikubaaqudgha
Makhleb
Nemelex Xobeh
Okawaru
Qazlal
Ru
Trog
Uskayaw
Wu Jian
Xom
Yredelemnul
Zin

Shops:
D:1 *

Annotations:
D:5 2 transporters


Message History

The slime creature burns!
The slime creature hits you.
The slime creature burns!
The slime creature hits you!
The slime creature burns!
The slime creature hits you!
The slime creature burns!
An orc wizard comes into view. It is wielding a +0 dagger.
The slime creature barely misses you.
Casting: Sticky Flame (dangerous; 3% risk of failure)
Confirm with . or Enter, or press ? or * to list all spells.
Okay, then.
The slime creature burns!
The slime creature stops burning.
The slime creature barely misses you.
Casting: Sticky Flame (dangerous; 3% risk of failure)
Confirm with . or Enter, or press ? or * to list all spells.
Aiming: Sticky Flame (dangerous; 3% risk of failure)
Press: ? - help, Shift-Dir - straight line, f/p - slime creature
Aim: a slime creature (almost dead)
The sticky flame hits the slime creature!
You kill the slime creature!
You have reached level 11!
Casting: Sticky Flame (dangerous; 3% risk of failure)
Confirm with . or Enter, or press ? or * to list all spells.
You erupt in a fountain of uncontrolled magic!
The skeletal warrior is blasted with magical radiation!!!
The skeletal warrior is severely damaged.
You are very lightly contaminated with residual magic.
The skeletal warrior hits you with a +0 hand axe!
* * * LOW HITPOINT WARNING * * *
Unknown command.
Casting: Irradiate (dangerous; 1% risk of failure)
Confirm with . or Enter, or press ? or * to list all spells.
You erupt in a fountain of uncontrolled magic!
The skeletal warrior is blasted with magical radiation.
The skeletal warrior is almost destroyed.
The skeletal warrior hits you with a +0 hand axe!
* * * LOW HITPOINT WARNING * * *
Unknown command.
Unknown command.
You feel better.
The skeletal warrior hits you with a +0 hand axe!
You die...

.#.#...# #.).##
#.#...)...#†#. ##.#...#
#)|z. #.#####..##)#[
...#...#. }...
#.......##..#.
####...##. #...
##.....##.)##.
........##.#.)##
##...##..##..
.........##....
##.##..##...
##........###'###
###†###..##
....#....##...oz##
##.)...##..#
....##..##.#####@##
##..#.#..##.. ...###.##
#.....#.###..##.##..##.
#.## #.#
#..###..#.#..#...).#..#.
...# #.#
#...#.#.#.##.....##.#.
...###.#
#.#.#.#.).....).....#.
...##..#
#...#.#.#.##.....##.#.
....#..#
###..#.#..#.....#..#.
.......##
.#.###..##.##..##.
........##
#.##.##..#.#..##..


You could see a skeletal warrior and an orc wizard.

Vanquished Creatures
  A two-headed ogre (D:8)
  A tengu warrior (D:8)
  Pikel (D:7)
  An orc knight (Bailey)
  An unseen horror (D:8)
  Grinder (D:5)
  A slime creature (D:8)
  2 wyverns
  A yak (D:8)
  3 steam dragons
  Menkaure (D:7)
  A water moccasin (D:8)
  6 orc warriors
  An ice beast (D:7)
  A sky beast (D:8)
  4 black bears
  A laughing skull (D:8)
  4 ogres
  2 centaurs (D:8)
  3 lemures (D:7)
  A phantom (D:4)
  7 kobold brigands
  A gnoll sergeant (D:7)
  7 bullfrogs
  2 scorpions
  A wight (D:8)
  4 killer bees (D:8)
  A howler monkey (D:8)
  2 orc priests
  2 bombardier beetles
  3 gnoll boudas
  3 hounds (D:6)
  3 jellies
  3 iguanas
  6 orc wizards
  6 adders
  10 gnolls
  A shadow imp (D:7)
  2 white imps (D:6)
  2 ufetubi (D:5)
  A dart slug (D:2)
  2 ribbon worms (D:5)
  26 orcs
  12 ball pythons
  7 endoplasms
  5 giant cockroaches
  14 goblins
  6 hobgoblins
  6 jackals
  2 quokkas
  6 bats
  5 frilled lizards
  18 kobolds
  5 rats
219 creatures vanquished.

Vanquished Creatures (collateral kills)
  A ball python (D:1)
1 creature vanquished.

Grand Total: 220 creatures vanquished

Notes
Turn   | Place    | Note
-------+----------+-------------------------------------------
     0 | D:1      | CoinPitGoblin the Deep Elf Alchemist began the quest for
                  | the Orb.
     0 | D:1      | Reached XP level 1. HP: 10/10 MP: 6/6
   282 | D:1      | Reached XP level 2. HP: 15/15 MP: 4/8
   859 | D:1      | Reached XP level 3. HP: 16/19 MP: 1/10
   862 | D:1      | Learned a level 2 spell: Mercury Vapours
   866 | D:1      | Learned a level 3 spell: Mephitic Cloud
  1483 | D:1      | Found Feox's Assorted Antiques.
  2105 | D:2      | Reached skill level 4 in Spellcasting
  2235 | D:2      | Found a basalt altar of Yredelemnul.
  2853 | D:3      | Reached XP level 4. HP: 22/24 MP: 12/12
  3030 | D:3      | Learned a level 4 spell: Sticky Flame
  3752 | D:4      | Noticed an ogre
  3768 | D:4      | Killed an ogre
  3769 | D:4      | Reached skill level 5 in Spellcasting
  3769 | D:4      | Reached skill level 5 in Alchemy
  3769 | D:4      | Reached XP level 5. HP: 28/28 MP: 14/14
  4014 | D:4      | Noticed a black bear
  4015 | D:4      | Noticed a phantom
  4033 | D:4      | Killed a black bear
  4034 | D:4      | Reached skill level 6 in Spellcasting
  4034 | D:4      | Reached XP level 6. HP: 25/32 MP: 17/17
  4179 | D:4      | Learned a level 4 spell: Olgreb's Toxic Radiance
  4449 | D:5      | Entered Level 5 of the Dungeon
  4767 | D:5      | Reached XP level 7. HP: 37/37 MP: 19/19
  4877 | D:5      | Reached skill level 7 in Spellcasting
  4889 | D:5      | Found a transporter.
  4895 | D:5      | Found a transporter.
  4895 | D:5      | Noticed a two-headed ogre
  4895 | D:5      | Noticed a shadow
  4911 | D:5      | Found a stormy altar of Qazlal.
  5220 | D:5      | Noticed Grinder
  5275 | D:5      | Noticed a steam dragon
  5297 | D:5      | Killed a steam dragon
  5339 | D:5      | Paralysed by Grinder for 4 turns
  5353 | D:5      | Killed Grinder
  5354 | D:5      | Reached skill level 1 in Fighting
  5354 | D:5      | Reached skill level 8 in Spellcasting
  5354 | D:5      | Reached XP level 8. HP: 19/43 MP: 22/22
  5887 | D:6      | Reached skill level 5 in Conjurations
  6036 | D:6      | Reached skill level 9 in Spellcasting
  6638 | D:7      | Reached skill level 10 in Spellcasting
  6641 | D:7      | Reached XP level 9. HP: 45/47 MP: 21/25
  6721 | D:7      | Found a flagged portal.
  6783 | Bailey   | Entered a bailey
  6844 | Bailey   | Reached skill level 5 in Dodging
  6976 | Bailey   | Identified the +3 flail "Hobekh" {venom, rPois rF- rN+
                  | rCorr}
  6987 | Bailey   | Noticed an orc knight
  6987 | Bailey   | Found the +8 Wrath of Trog {antimagic, *Rage Rampage}
  6993 | Bailey   | Reached skill level 11 in Spellcasting
  7003 | Bailey   | Killed an orc knight
  7008 | Bailey   | Found an iron altar of Okawaru.
  7173 | D:7      | Noticed Pikel
  7181 | D:7      | Killed Pikel
  7182 | D:7      | Reached skill level 12 in Spellcasting
  7182 | D:7      | Reached XP level 10. HP: 49/53 MP: 27/28
  7236 | D:7      | Noticed Menkaure
  7239 | D:7      | Killed Menkaure
  7350 | D:7      | Found a staircase to the Ecumenical Temple.
  7753 | Temple   | Entered the Ecumenical Temple
  7857 | D:8      | Found a blossoming altar of Fedhas.
  7977 | D:8      | Reached skill level 13 in Spellcasting
  7977 | D:8      | Reached skill level 10 in Alchemy
  8533 | D:8      | Noticed a tengu warrior
  8561 | D:8      | Killed a tengu warrior
  8668 | D:8      | Reached skill level 14 in Spellcasting
  8680 | D:8      | Learned a level 5 spell: Irradiate
  8684 | D:8      | Learned a level 3 spell: Inner Flame
  8738 | D:8      | Noticed a two-headed ogre
  8788 | D:8      | Killed a two-headed ogre
  8855 | D:8      | Noticed a skeletal warrior
  8866 | D:8      | Reached XP level 11. HP: 24/57 MP: 31/31
  8867 | D:8      | HP: 1/57 [skeletal warrior/+0 hand axe (11)]
  8868 | D:8      | Slain by a skeletal warrior

Illustrated notes

Levels and vault maps discovered:
D:1:      eino_arrival_water_cross, layout_basic, serial_shops,
          nicolae_shop_back_alley_shop, minmay_gold_behind_fungi
D:2:      layout_basic, basic_altar, corner_web_ring
D:3:      layout_loops_ring
D:4:      layout_loops_corners, item_on_display_a
D:5:      layout_basic, gammafunk_temple_overflow_arena, uniq_grinder
D:6:      layout_gridville
D:7:      layout_loops_ring, minmay_temple_entry_drinking_statues,
          enter_bailey_5, minmay_bent, uniq_menkaure, uniq_pikel
D:8:      minmay_the_grid_octo_2x2 [minmay_the_grid_octo_77,
          minmay_the_grid_octo_horde, minmay_the_grid_octo_concentric,
          minmay_the_grid_octo_prize_ultimate_mussel_roller], layout_cave_pools,
          kennysheep_mini_moat, minivault_5
Temple:   nicolae_temple_superstar

Skill      XL: |  1  2  3  4  5  6  7  8  9 10 |
---------------+-------------------------------+-----
Alchemy        | 4 5 6 7 9 11 | 11.3
Spellcasting   | 4 5 6 8 10 12 14 | 14.5
Conjurations   | 2 3 4 5 6 7 |  7.0
Dodging        | 3 4 5 |  5.7
Fighting       | 1 2 |  2.2
Stealth        | |  2.4

Action                     |  1- 3 |  4- 6 |  7- 9 | 10-12 || total
---------------------------+-------+-------+-------+-------++-------
  Melee: Unarmed           |     4 |       |       |       ||     4
         Dagger            |     2 |    16 |    60 |    33 ||   111
         Punch             |       |       |     1 |     1 ||     2
   Cast: Sting             |    86 |    71 |   131 |    42 ||   330
         Mephitic Cloud    |     1 |     4 |     2 |     3 ||    10
         Mercury Vapours   |       |     3 |     2 |     3 ||     8
         Sticky Flame      |       |     1 |     6 |    11 ||    18
         Olgreb's Toxic Ra |       |       |    18 |    20 ||    38
         Irradiate         |       |       |       |     4 ||     4
    Use: Scroll            |     5 |     3 |     4 |     2 ||    14
         Potion            |       |       |     2 |     3 ||     5
   Stab: Sleeping          |       |       |     1 |       ||     1
 Armour: Robe              |    14 |    15 |    78 |    49 ||   156
  Dodge: Dodged            |    17 |    23 |    80 |    48 ||   168
